 Dungeon Crawl Stone Soup version 0.31.0-12-g77e489cdc1 (webtiles) character file.

Game seed: 6652131668421241392

405 Darkspark the Trooper (level 6, 0/46 (52) HPs)
             Began as a Demonspawn Fighter on Mar 6, 2024.
             Slain by a wight
             ... wielding a +0 war axe
              (5 damage)
             ... on level 4 of the Dungeon.
             The game lasted 00:04:54 (3152 turns).

Darkspark the Trooper (Demonspawn Fighter)          Turns: 3152, Time: 00:04:55

HP:   0/46 (52)     AC: 11    Str: 19    XL:     6   Next: 56%
MP:   6/6           EV:  9    Int:  8    God:
Gold: 296           SH:  5    Dex: 12    Spells: 5/5 levels left

rFire   . . .        a - +0 trident
rCold   . . .        c - +0 buckler
rNeg    . . .        b - +0 scale mail
rPois   .            q - +0 helmet
rElec   .            p - +0 cloak
rCorr   +            (no gloves)
SInv    .            n - +0 pair of boots
Will    .....        (no amulet) Stlth
                     R - ring of resist corrosion
HPRegen 0.27/turn    (no ring)
MPRegen 0.10/turn

%: no passive effects
@: heavily drained
A: rugged brown scales 1, demonic touch 1
a: no special abilities


You were on level 4 of the Dungeon.
You visited 1 branch of the dungeon, and saw 4 of its levels.

You collected 296 gold pieces.


Innate Abilities, Weirdness & Mutations

You are partially covered in rugged brown scales. (AC +1, +3% HP)
Your touch may inflict minor irresistible damage on your foes.


   Skills:
 - Level 5.0 Fighting
 + Level 3.3 Polearms
 - Level 4.0 Armour
 - Level 4.0 Shields


You had 5 spell levels left.
You didn't know any spells.
Your spell library was empty.

Inventory:

Hand Weapons
 a - a +0 trident (weapon)
Missiles
 i - 8 poisoned darts (quivered)
Armour
 b - a +0 scale mail (worn)
 c - a +0 buckler (worn)
 n - a +0 pair of boots (worn)
 p - a +0 cloak (worn)
 q - a +0 helmet (worn)
Jewellery
 I - a +6 ring of intelligence
 R - a ring of resist corrosion (left hand)
Scrolls
 h - 2 scrolls of identify {unknown}
 j - a scroll of fog {unknown}
 o - 3 scrolls of revelation
 r - a scroll of enchant weapon {unknown}
Potions
 d - a potion of ambrosia {unknown}
 e - 2 potions of lignification {unknown}
 f - a potion of cancellation {unknown}
 g - 2 potions of heal wounds {unknown}
 k - 2 potions of curing {unknown}
 l - 2 potions of brilliance {unknown}
 m - a potion of enlightenment {unknown}
 s - 2 potions of mutation {unknown}

Dungeon Overview and Level Annotations

Branches:
Dungeon (4/15)
 Temple: D:4-7

Altars:
Sif Muna

+...+ #.......#.# #.
##▒##...##▒##...##▒.# #. +.#
......#.'.z.+.#.# #.
▒##.#+#...#'#.##▒##.#+# ###.
#.....#...#.....#.....# ...
+.....▒#'#▒.....+.....▒#+#▒.
#.....#...#.....#.....#...#.
##▒##.#'#...#)#.##▒##.#'#...#+
+...'.#....zz@#.+...'.#.......
▒##...##▒##...##▒##...##▒##...##
#.......#.+...+.#.......#.'...+.
#+#...#'#.##▒##.#+#...#+#)##▒##.
#...#.....#.....#...#.....###.
▒#+#▒.....+.....▒#'#▒..)..'...
#.....#.....#...#.....#.##
#'#.##▒##.#'#...#'#.##▒.#
#.#.+...'.#.......#.'[z.#


You could see 2 wights.


Message History

The wight is lightly damaged.
You block the wight's attack. The wight hits you with a +0 hand axe.
* * * LOW HITPOINT WARNING * * *
Unknown command.
You hit the wight.
The wight is heavily damaged.
The wight hits you but does no damage. x3
You hit the wight but do no damage.
The wight is heavily damaged.
The wight misses you. The wight hits you but does no damage.
You barely miss the wight.
The wight is heavily damaged.
The wight hits you but does no damage. x2
Unknown command.
You hit the wight.
The wight is almost destroyed.
The wight closely misses you. You block the wight's attack.
You hit the wight but do no damage.
The wight is almost destroyed.
The wight hits you with a +0 hand axe.
* * * LOW HITPOINT WARNING * * *
The wight hits you with a +0 war axe.
* * * LOW HITPOINT WARNING * * *
You feel drained. The wight closely misses you.
You puncture the wight!
You destroy the wight!
The wight hits you with a +0 war axe.
* * * LOW HITPOINT WARNING * * *
The wight hits you with a +0 war axe.
You die...

Skill      XL: |  1  2  3  4  5  6 |
---------------+-------------------+-----
Fighting       | 4 5 |  5.0
Shields        | 3 4 |  4.0
Polearms       | 3 |  3.3
Armour         | 3 4 |  4.0

Action                     |  1- 3 |  4- 6 || total
---------------------------+-------+-------++-------
  Melee: Trident           |   143 |   127 ||   270
  Throw: Dart              |       |     2 ||     2
    Use: Scroll            |       |     1 ||     1
         Potion            |       |     1 ||     1
 Armour: Scale mail        |    91 |    72 ||   163
  Dodge: Dodged            |    69 |    38 ||   107
  Block: Buckler           |    34 |    27 ||    61

Levels and vault maps discovered:
D:1:      wander_arrival_peaceful_grave, layout_rooms
D:2:      minmay_general_purpose_star, layout_basic, nicolae_titane
D:3:      layout_basic, mainiacjoe_overflow_small_starburst,
          shapermc_ecumenical_altar_acropolis, grunt_ministairs_4,
          dreamdust_wishing_well
D:4:      nicolae_cairo_tiling_large, layout_basic,
          nicolae_uskayaw_murder_on_the_dancefloor, mainiacjoe_overflow_paths,
          serial_shops, nicolae_inconvenience_store, feat_on_display,
          uniq_edmund

Notes
Turn   | Place    | Note
-------+----------+-------------------------------------------
     0 | D:1      | Darkspark the Demonspawn Fighter began the quest for the
                  | Orb.
     0 | D:1      | Reached XP level 1. HP: 18/18 MP: 1/1
   121 | D:1      | Gained mutation: You are partially covered in rugged brown
                  | scales. (AC +1, +3% HP) [demonic ancestry]
   121 | D:1      | Reached XP level 2. HP: 18/24 MP: 2/2
   305 | D:1      | Reached skill level 4 in Fighting
   500 | D:1      | Reached skill level 3 in Shields
   500 | D:1      | Reached XP level 3. HP: 30/30 MP: 3/3
  1028 | D:2      | Gained mutation: Your touch may inflict minor irresistible
                  | damage on your foes. [demonic ancestry]
  1028 | D:2      | Reached XP level 4. HP: 38/38 MP: 4/4
  1676 | D:3      | Reached skill level 4 in Shields
  1698 | D:3      | Found a shimmering blue altar of Sif Muna.
  1767 | D:3      | Reached skill level 2 in Polearms
  1890 | D:3      | Found a faded altar of an unknown god.
  2393 | D:4      | Reached skill level 3 in Polearms
  2393 | D:4      | Reached skill level 3 in Armour
  2393 | D:4      | Reached XP level 5. HP: 36/43 MP: 5/5
  2426 | D:4      | Noticed Edmund
  2452 | D:4      | Killed Edmund
  2453 | D:4      | Reached skill level 4 in Armour
  2453 | D:4      | Reached XP level 6. HP: 16/50 MP: 6/6
  2723 | D:4      | Reached skill level 5 in Fighting
  3152 | D:4      | Slain by a wight

Vanquished Creatures
  Edmund (D:4)
  3 wights (D:4)
  A hound (D:4)
  A bombardier beetle (D:3)
  An iguana (D:4)
  3 adders
  A dart slug (D:2)
  A bat (D:2)
  10 endoplasms
  2 giant cockroaches
  3 goblins
  8 hobgoblins
  12 jackals
  2 quokkas
  4 ball pythons
  6 frilled lizards
  9 kobolds
  8 rats
76 creatures vanquished.

Table legend: (Time is in decaauts)
 A = Elapsed time spent in this place.
 B = Non-inter-level travel time spent in this place.
 C = Inter-level travel time spent in this place.
 D = Time resting spent in this place.
 E = Time spent auto-exploring this place.
 F = Levels seen in this place.
 G = Mean time per level.
                   A        B        C        D        E       F      G
               +--------+--------+--------+--------+--------+-----+--------+
         Total |   3215 |   3122 |     93 |    568 |   1920 |   4 |  803.8 |
       Dungeon |   3215 |   3122 |     93 |    568 |   1920 |   4 |  803.8 |
               +--------+--------+--------+--------+--------+-----+--------+

Top non-repeatable levels by time:
     D:2: 1135 daAuts
     D:4: 843 daAuts
     D:3: 677 daAuts
     D:1: 558 daAuts

Table legend:
 A = Non-vault XP
 B = Vault XP
 C = Vault XP percentage of total XP
 D = Non-vault monster count
 E = Vault monster count
 F = Vault count percentage of total count
                 A         B        C        D         E       F
            +---------+---------+-------+---------+---------+-------
      Total |     464 |     187 |  28.7 |      68 |       8 |  10.5
            +---------+---------+-------+---------+---------+-------
        D:1 |      41 |       0 |   0.0 |      24 |       0 |   0.0
        D:2 |      64 |      10 |  13.5 |      24 |       5 |  17.2
        D:3 |      57 |      15 |  20.8 |      12 |       2 |  14.3
        D:4 |     302 |     162 |  34.9 |       8 |       1 |  11.1
            +---------+---------+-------+---------+---------+-------
